 Dungeon Crawl Stone Soup version 0.30-a0-358-g0d69a1922f (webtiles) character file.

Game seed: 8868846406733225443

10723 Muataran the Grappler (level 11, -2/110 HPs)
             Began as a Troll Delver on Nov 7, 2022.
             Was an Elder of Qazlal.
             Slain by a death yak (27 damage)
             ... on level 10 of the Dungeon on Nov 8, 2022.
             The game lasted 00:19:54 (7371 turns).

Muataran the Grappler (Troll Delver)                Turns: 7371, Time: 00:19:55

Health: -2/110     AC:  5    Str: 22    XL:     11   Next: 39%
Magic:  11/14      EV:  9    Int: 10    God:    Qazlal [****..]
Gold:   186        SH: 18    Dex: 11    Spells: 10/10 levels left

rFire   . . .      SeeInvis .      - Unarmed
rCold   . . .      Faith    .    C - +0 kite shield
rNeg    . . .      Spirit   .    a - +0 robe
rPois   .          Reflect  +    (helmet restricted)
rElec   .          Harm     .    n - +0 cloak
rCorr   .          Rampage  .    (gloves unavailable)
Will    .....                    (boots unavailable)
Stlth   ++........               G - amulet of reflection
HPRegen 1.18/turn                A - ring of wizardry
MPRegen 0.14/turn                (no ring)

@: studying Short Blades, repel missiles
A: large, unfitting armour, claws 3, regeneration 1, shaggy fur 1, tough skin 1
a: Renounce Religion, Upheaval, Elemental Force


You were on level 10 of the Dungeon.
You worshipped Qazlal.
Qazlal was greatly pleased with you.
You visited 1 branch of the dungeon, and saw 10 of its levels.
You also visited: Bailey.

You collected 540 gold pieces.
You spent 354 gold pieces at shops.

Inventory:

Missiles
 D - 2 throwing nets (quivered)
Armour
 a - a +0 robe (worn)
 n - a +0 cloak (worn)
 C - a +0 kite shield (worn)
 J - a +0 hat
Jewellery
 A - a ring of wizardry (left claw)
 G - an amulet of reflection (around neck)
Wands
 f - a wand of digging (3)
 s - a wand of iceblast (13)
 B - a wand of quicksilver (4)
 H - a wand of flame (12)
Scrolls
 b - 3 scrolls of fog
 d - 2 scrolls of fear
 e - 2 scrolls of blinking {unknown}
 h - a scroll of magic mapping
 l - 3 scrolls of noise {unknown}
 m - 2 scrolls of summoning {unknown}
 t - 4 scrolls of teleportation
 w - a scroll of silence
 x - 3 scrolls of enchant armour {unknown}
 y - a scroll of amnesia {unknown}
 z - a scroll of immolation {unknown}
Potions
 c - 8 potions of curing
 g - 5 potions of brilliance
 i - 3 potions of invisibility
 j - 3 potions of haste
 o - a potion of might
 q - 2 potions of mutation
 r - 6 potions of flight
 v - a potion of lignification {unknown}
 E - a potion of magic {unknown}
 F - 2 potions of cancellation


   Skills:
 + Level 7.6 Fighting
 - Level 3.9 Dodging
 - Level 4.0 Stealth
 + Level 5.1 Shields
 * Level 11.6 Unarmed Combat
 + Level 6.6 Invocations


You had 10 spell levels left.
You didn't know any spells.
Your spell library contained the following spells:

 Spells                   Type           Power      Damage    Failure   Level
 Kiss of Death            Conj/Necr      0%         2d5       32%         1
 Necrotise                Necr           0%         1d4       32%         1
 Inner Flame              Hex/Fire       0%         N/A       65%         3
 Kindle Blastsparks       Fire/Tloc/Air  0%         2d10      65%         3
 Vampiric Draining        Necr           0%         2d6       65%         3
 Anguish                  Hex/Necr       0%         N/A       96%         4
 Animate Dead             Necr           0%         N/A       96%         4
 Cause Fear               Hex            0%         N/A       96%         4
 Fulminant Prism          Conj/Hex       0%         3d5       96%         4
 Iskenderun's Mystic Bla  Conj/Tloc      0%         2d3       96%         4
 Agony                    Necr           0%         N/A       100%        5
 Fireball                 Conj/Fire      0%         3d3       100%        5
 Lee's Rapid Deconstruct  Erth           0%         3d4*      100%        5
 Discord                  Hex            0%         N/A       100%        8


Dungeon Overview and Level Annotations

Branches:
Dungeon (10/15)            Temple (0/1) D:4          Bailey (visited)
   Lair: D:8-11         Orc: D:9-12

Altars:
Elyvilon
Fedhas
Gozag
Hepliaklqana
Kikubaaqudgha
Nemelex Xobeh
Okawaru
Qazlal
Ru
Sif Muna
Uskayaw
Wu Jian
Xom
Yredelemnul
Zin
The Shining One

Shops:
D:4 *   D:6 !(=

Annotations:
D:10 exclusion: obsidian statue


Innate Abilities, Weirdness & Mutations

You are too large for most types of armour.
You have claws for hands.
Your natural rate of healing is unusually fast.
You are covered in fur. (AC +1)
You have tough skin. (AC +1)


Message History

Qazlal accepts your kill. You block the quokka's attack.
You barely miss the hell rat. You block the hell rat's attack.
You block the quokka's attack.
The river rat is engulfed in blazing flames.
You kill the river rat!
Qazlal accepts your kill.
You barely miss the quokka. The hell rat barely misses you.
The quokka bites you.
You mangle the quokka!!
You kill the quokka!
Qazlal accepts your kill. You block the hell rat's attack.
You barely miss the hell rat. You block the hell rat's attack.
You scratch the death yak but do no damage.
The death yak is moderately wounded.
You claw the death yak!
The death yak is heavily wounded.
The death yak gores you!
You scratch the death yak but do no damage.
The death yak is heavily wounded.
The death yak gores you!!
* * * LOW HITPOINT WARNING * * *
You barely miss the death yak.
The death yak is heavily wounded.
The death yak gores you but does no damage.
The hell rat twitches its whiskers.
You scratch the death yak but do no damage.
The death yak is heavily wounded.
The death yak gores you!!
* * * LOW HITPOINT WARNING * * *
You feel much better. You block the death yak's attack.
Aiming: Upheaval
Press: ? - help, Dir - move target, f - hell rat
Aim: a hell rat The ground shakes violently, spewing rubble!
The blast of rubble hits the hell rat.
The hell rat is lightly wounded.
The death yak gores you!!
You die...

######## # ####.@#...### ##
.. #.#.#.°#Y#....###.##.## #
#...§°#r...).##......## ##.
###........)#.#.......# #...
#.#..).....#.Y......#.
#...###..#..................
......#.....................
......#.....................
....................).......


You could see a death yak and a hell rat.

Vanquished Creatures
  2 vault guards (Bailey)
  A two-headed ogre (D:9)
  2 death yaks (D:10)
  A wizard (D:10)
  An unseen horror (D:10)
  A komodo dragon (D:8)
  Prince Ribbit (Bailey)
  A hornet (D:9)
  3 wyverns
  7 yaks
  5 humans (Bailey)
  A steam dragon (D:9)
  3 water moccasins (D:5)
  3 orc warriors
  4 ice beasts
  3 sky beasts
  2 ogres
  2 centaurs (D:5)
  A kobold brigand (D:6)
  A gnoll sergeant (D:7)
  9 bullfrogs
  5 scorpions
  9 wights
  3 howler monkeys (D:9)
  A jelly (D:5)
  7 orc priests
  3 hounds (D:6)
  A gnoll bouda (D:5)
  An iguana (D:5)
  7 orc wizards
  A hell rat (D:10)
  14 gnolls
  6 adders
  3 river rats
  A white imp (D:5)
  An ufetubus (D:5)
  2 worms
  3 dart slugs
  26 orcs
  4 endoplasms
  7 giant cockroaches
  10 goblins
  11 hobgoblins
  A jackal (D:4)
  9 quokkas
  7 ball pythons
  6 bats
  3 frilled lizards
  17 kobolds
  6 rats
229 creatures vanquished.

Notes
Turn   | Place    | Note
-------+----------+-------------------------------------------
     0 | D:5      | Muataran the Troll Delver began the quest for the Orb.
     0 | D:5      | Reached XP level 1. HP: 22/22 MP: 0/0
    13 | D:5      | Reached XP level 2. HP: 29/29 MP: 1/1
    16 | D:5      | Noticed a centaur
    22 | D:5      | Killed a centaur
    23 | D:5      | Reached XP level 3. HP: 20/36 MP: 2/2
    23 | D:5      | Reached XP level 4. HP: 24/44 MP: 3/3
    33 | D:5      | Found a shimmering blue altar of Sif Muna.
    70 | D:5      | Found a basalt altar of Yredelemnul.
    88 | D:5      | Noticed a scorpion
   119 | D:5      | Noticed a water moccasin
   132 | D:5      | Killed a water moccasin
   133 | D:5      | Reached skill level 3 in Unarmed Combat
   133 | D:5      | Reached XP level 5. HP: 18/53 MP: 4/4
   230 | D:4      | Reached XP level 6. HP: 61/61 MP: 5/5
   325 | D:4      | Found a hide-covered altar of Uskayaw.
   344 | D:4      | Noticed a sky beast
   349 | D:4      | Noticed an ice beast
   372 | D:4      | Killed a sky beast
   373 | D:4      | Reached skill level 4 in Unarmed Combat
   373 | D:4      | Reached XP level 7. HP: 64/68 MP: 6/6
   468 | D:4      | Upgraded the game from 0.30-a0-354-g6b83867211 to
                  | 0.30-a0-358-g0d69a1922f
   527 | D:4      | Found Waumm's Whimsical Warehouse.
   578 | D:3      | Found a hazy altar of Hepliaklqana.
  1057 | D:3      | Found a stormy altar of Qazlal.
  1057 | D:3      | Found a shimmering altar of Xom.
  1065 | D:3      | Became a worshipper of Qazlal Stormbringer
  1093 | D:4      | Reached skill level 5 in Unarmed Combat
  1093 | D:4      | Reached XP level 8. HP: 79/79 MP: 7/7
  1379 | D:4      | Found a staircase to the Ecumenical Temple.
  2018 | D:1      | Found a faded altar of an unknown god.
  2296 | D:1      | Reached * piety under Qazlal
  2849 | D:2      | Reached skill level 1 in Invocations
  3399 | D:5      | Reached skill level 6 in Unarmed Combat
  3523 | D:5      | Reached skill level 5 in Fighting
  3527 | D:5      | Reached ** piety under Qazlal
  4102 | D:6      | Reached skill level 7 in Unarmed Combat
  4109 | D:6      | Found Kyheelug's Antique Weapon Emporium.
  4136 | D:6      | Found Okeras's Distillery.
  4160 | D:6      | Bought a potion of might for 48 gold pieces
  4160 | D:6      | Bought a potion of berserk rage for 60 gold pieces
  4160 | D:6      | Bought a potion of curing for 36 gold pieces
  4160 | D:6      | Bought a potion of heal wounds for 60 gold pieces
  4160 | D:6      | Bought a potion of heal wounds for 60 gold pieces
  4184 | D:6      | Reached XP level 9. HP: 83/88 MP: 10/10
  4195 | D:6      | Found Godeekyx's Jewellery Shoppe.
  4308 | D:6      | Found an ornate altar of the Wu Jian Council.
  4313 | D:6      | Got the Quarto of Blistering Stolen Souls
  4531 | D:6      | Reached skill level 8 in Unarmed Combat
  5005 | D:7      | Reached *** piety under Qazlal
  5009 | D:7      | Reached skill level 1 in Shields
  5190 | D:7      | Found an opulent altar of Gozag.
  5190 | D:7      | Found a sparkling altar of Nemelex Xobeh.
  5480 | D:8      | Found a glowing golden altar of the Shining One.
  5577 | D:8      | Noticed a komodo dragon
  5582 | D:8      | Killed a komodo dragon
  5583 | D:8      | Reached skill level 9 in Unarmed Combat
  5715 | D:8      | Reached XP level 10. HP: 97/100 MP: 12/12
  5967 | D:8      | Found a sacrificial altar of Ru.
  5967 | D:8      | Found a white marble altar of Elyvilon.
  5968 | D:8      | Found an iron altar of Okawaru.
  5969 | D:8      | Found an ancient bone altar of Kikubaaqudgha.
  6018 | D:9      | Found Zin's Purification Station.
  6020 | D:9      | Found a glowing silver altar of Zin.
  6046 | D:9      | Reached skill level 5 in Invocations
  6113 | D:9      | Noticed a two-headed ogre
  6126 | D:9      | Killed a two-headed ogre
  6130 | D:9      | Found a flagged portal.
  6169 | Bailey   | Entered a bailey
  6198 | Bailey   | Reached skill level 10 in Unarmed Combat
  6289 | Bailey   | Noticed Prince Ribbit
  6289 | Bailey   | Noticed a vault guard
  6299 | Bailey   | Killed Prince Ribbit
  6306 | Bailey   | Killed a vault guard
  6374 | Bailey   | Noticed a vault guard
  6390 | Bailey   | Killed a vault guard
  6390 | Bailey   | Reached **** piety under Qazlal
  6463 | Bailey   | Reached XP level 11. HP: 104/109 MP: 14/14
  6626 | D:9      | Bought a potion of curing for 90 gold pieces
  6667 | D:9      | Found a blossoming altar of Fedhas.
  6867 | D:10     | Entered Level 10 of the Dungeon
  6989 | D:10     | Reached skill level 11 in Unarmed Combat
  7132 | D:10     | Noticed an obsidian statue
  7245 | D:10     | Noticed a wizard
  7253 | D:10     | Killed a wizard
  7306 | D:10     | Noticed a death yak
  7309 | D:10     | Noticed a death yak
  7310 | D:10     | Noticed a death yak
  7343 | D:10     | Killed a death yak
  7344 | D:10     | Reached skill level 5 in Shields
  7356 | D:10     | Killed a death yak
  7371 | D:10     | Slain by a death yak

Illustrated notes

Levels and vault maps discovered:
D:1:      psy_arrival_radial02, layout_rooms, basic_ecumenical_altar,
          chequers_serial_rivers_micro_a
D:2:      layout_basic, minmay_misc_feat_room
D:3:      layout_loops_ring, mainiacjoe_overflow_concentric_impassable,
          nicolae_overflow_hidden_temple
D:4:      layout_cave_pools, mainiacjoe_overflow_brackets, temple_hall,
          nicolae_alphabet_shops, minmay_fractal_squares_5
D:5:      layout_basic, mainiacjoe_overflow_surrounded_room,
          mainiacjoe_overflow_boulevard, portal_sewer_entry_b
D:6:      layout_basic, lemuel_crystal_altar, serial_shops, shop_fountains,
          nicolae_shop_hallway_plus, shop, nrook_loot_triangle
D:7:      layout_loops_cross, grunt_temple_overflow_opulence
D:8:      layout_rooms, mainiacjoe_overflow_tiny_flanked, minitemple
D:9:      layout_rooms, fedhas_altar_3, zin_purify, enter_bailey_5
D:10:     layout_big_octagon, dpeg_lair_monsters, minmay_protected_statue

Skill      XL: |  1  2  3  4  5  6  7  8  9 10 11 |
---------------+----------------------------------+-----
Dodging        | 2 3 |  3.9
Stealth        | 3 4 |  4.0
Fighting       | 3 4 5 6 7 |  7.6
Unarmed Combat | 3 4 5 7 9 10 11 | 11.6
Invocations    | 3 4 6 |  6.6
Shields        | 2 4 5 |  5.1

Action                   |  1- 3 |  4- 6 |  7- 9 | 10-12 || total
-------------------------+-------+-------+-------+-------++-------
Melee: Unarmed           |     5 |    68 |   436 |   214 ||   723
       Punch             |       |     1 |    11 |       ||    12
Invok: Upheaval          |       |       |       |     1 ||     1
Evoke: Wand              |       |       |       |     5 ||     5
  Use: Scroll            |     1 |       |     6 |     8 ||    15
       Potion            |       |     1 |     2 |     7 ||    10
 Stab: Sleeping          |       |     2 |     8 |       ||    10
Armor: Robe              |     2 |    16 |   100 |    32 ||   150
Dodge: Dodged            |     4 |    32 |   145 |    62 ||   243
Block: Other             |       |       |    13 |       ||    13
       Kite shield       |       |       |    28 |   188 ||   216

Table legend: (Time is in decaauts)
 A = Elapsed time spent in this place.
 B = Non-inter-level travel time spent in this place.
 C = Inter-level travel time spent in this place.
 D = Time resting spent in this place.
 E = Time spent auto-exploring this place.
 F = Levels seen in this place.
 G = Mean time per level.
                   A        B        C        D        E       F      G
               +--------+--------+--------+--------+--------+-----+--------+
         Total |   7311 |   6904 |    407 |    198 |   5024 |  11 |  664.6 |
       Dungeon |   7006 |   6599 |    407 |    198 |   4867 |  10 |  700.6 |
        Bailey |    305 |    305 |      0 |      0 |    157 |   1 |  305.0 |
               +--------+--------+--------+--------+--------+-----+--------+

Top non-repeatable levels by time:
     D:5: 1096 daAuts
     D:6: 770 daAuts
     D:3: 762 daAuts
     D:4: 730 daAuts
     D:2: 727 daAuts
     D:1: 693 daAuts
     D:7: 651 daAuts
     D:9: 596 daAuts
     D:8: 536 daAuts
    D:10: 440 daAuts
  Bailey: 305 daAuts
